 Dungeon Crawl Stone Soup version 0.19-a0-1127-gac58878 (webtiles) character file.

51 4thArraOfDagon the Skirmisher (level 3, -1/36 HPs)
             Began as a Gargoyle Berserker on Aug 12, 2016.
             Was a Follower of Trog.
             Killed by divine providence
             ... invoked by an orc priest
              (14 damage)
             ... on level 5 of the Dungeon.
             The game lasted 00:01:45 (326 turns).

4thArraOfDagon the Skirmisher (Gargoyle Berserker)   Turns: 326, Time: 00:01:46

Health: -1/36      AC: 12    Str: 26    XL:     3   Next: 81%
Magic:  3/3        EV:  8    Int:  7    God:    Trog [*.....]
Gold:   36         SH:  0    Dex:  9    Spells: 0 memorised, 2 levels left

rFire  . . .     SeeInvis .     a - +0 hand axe
rCold  . . .     Gourm    .     f - +0 chain mail
rNeg   + . .     Faith    .     (no shield)
rPois  ∞         Spirit   .     (no helmet)
rElec  +         Dismiss  .     (no cloak)
rCorr  .         Reflect  .     (no gloves)
SustAt .         Harm     .     (no boots)
MR     .....     Rnd*Tele +     (no amulet)
Stlth  ..........               (no ring)
                                m - ring of teleportation (curse)

@: berserking (expiring), very quick
A: negative energy resistance 1, electricity resistance, unbreathing,
petrification resistance, rot immunity, AC +3
a: Berserk, Burn Spellbooks, Renounce Religion


You were on level 5 of the Dungeon.
You worshipped Trog.
Trog was aware of your devotion.
You were not hungry.

You visited 1 branch of the dungeon, and saw 5 of its levels.

You collected 36 gold pieces.

Inventory:

Hand Weapons
 a - a +0 hand axe (weapon)
Armour
 b - a +0 animal skin
 f - a +0 chain mail (worn)
Jewellery
 m - a cursed ring of teleportation (left hand)
Scrolls
 d - a scroll of identify {unknown}
 g - a scroll of enchant armour {unknown}
 h - a scroll of amnesia {unknown}
 j - a scroll of random uselessness {unknown}
 k - a scroll of fear {unknown}
Potions
 e - a potion of lignification {unknown}
 i - a potion of brilliance {unknown}
 l - a potion of curing {unknown}
Comestibles
 c - a bread ration


   Skills:
 + Level 3.8 Fighting
 * Level 3.5 Axes
 + Level 2.8 Armour
 - Level 1.5 Dodging


You had 2 spell levels left.
You didn't know any spells.

Dungeon Overview and Level Annotations

Branches:
Dungeon (5/15)
 Temple: D:4-7

Altars:


Innate Abilities, Weirdness & Mutations

You are resistant to torment.
Your stone body is resilient. (AC +3)
You are immune to poison.
You resist negative energy. (rN+)
You are resistant to electric shocks. (rElec)
You can survive without breathing.
You are immune to petrification.
You are immune to rotting.


Message History

You kill the orc!
Trog accepts your kill.
You hit the orc. The adder bites you. The orc barely misses you.
Unknown command.
You barely miss the orc.
The orc is almost dead.
You hit the adder.
You kill the adder!
Trog accepts your kill. The orc barely misses you.
You closely miss the orc.
The orc is almost dead.
You hit the orc priest. You hit the orc. The orc hits you with a mace.
Unknown command.
You closely miss the orc.
The orc is almost dead.
You closely miss the orc priest. You barely miss the orc.
The orc priest invokes the aid of Beogh against you.
Beogh smites you!
You die...

#.#####......
..!........
###.!.....o..
......).. .#
#.......#.#
#.#..... ...##.#
#...o..###oo...#
#...<.o#@# #
#.o..#o#o#######.#
######.#o#........
#o#o#.#......
#.#..........
#o###.#.###.
#..o..# #######


You could see 3 orc priests and 2 orcs.

Vanquished Creatures
  A worker ant (D:4)
  An adder (D:5)
  6 orcs
  2 goblins (D:1)
  A hobgoblin (D:1)
  A giant newt (D:1)
  3 rats
15 creatures vanquished.

Notes
Turn   | Place    | Note
-------+----------+-------------------------------------------
     0 | D:1      | 4thArraOfDagon the Gargoyle Berserker began the quest for the Orb.
     0 | D:1      | Reached XP level 1. HP: 14/14 MP: 1/1
   160 | D:3      | Found a faded altar of an unknown god.
   236 | D:3      | Reached XP level 2. HP: 19/19 MP: 2/2
   258 | D:4      | Reached XP level 3. HP: 24/24 MP: 3/3
   299 | D:5      | Entered Level 5 of the Dungeon
   326 | D:5      | Killed from afar by an orc priest

Vault maps used:
D:1:      lightli_arrival_boilingwater
D:2:      feat_on_display
D:3:      minitemple, ecumenical_altar_1, uniq_natasha
D:4:      gammafunk_pakellas_spire_experiment, fountainhead,
          kennysheep_big_empty_room
D:5:      first_bread, nemelex_dance_club_becter

Skill      XL: |  1 |
---------------+----+-----
Axes           | 3 |  3.5
Fighting       | |  3.8
Armour         | |  2.8
Dodging        | |  1.5

Action                   || total
-------------------------++-------
Melee: Hand axe          ||    27
Invok: Berserk           ||     2
  Eat: Fruit             ||     3
Armor: Animal skin       ||    18
       Chain mail        ||    19
Dodge: Dodged            ||    39
